 Dungeon Crawl Stone Soup version 0.27.1-34-g3ba077fa99 (webtiles) character file.

Game seed: 10229860898781121278

241 boopmooplesden the Covered (level 5, 0/70 HPs)
             Began as a Minotaur Fighter on Jan 7, 2022.
             Slain by a water moccasin zombie (6 damage)
             ... on level 5 of the Dungeon.
             The game lasted 00:04:22 (3307 turns).

boopmooplesden the Covered (Minotaur Fighter)       Turns: 3307, Time: 00:04:23

Health: 0/70       AC: 22    Str: 22    XL:     5   Next: 80%
Magic:  4/4        EV:  2    Int:  5    God:
Gold:   96         SH:  9    Dex:  9    Spells: 4/4 levels left

rFire    . . .     SeeInvis .   a - +0 long sword
rCold    . . .     Faith    .   c - +0 kite shield
rNeg     + + +     Spirit   .   (armour currently unavailable)
rPois    +         Reflect  .   (helmet currently unavailable)
rElec    .         Harm     .   (cloak currently unavailable)
rCorr    .         Rampage  .   (gloves currently unavailable)
Will     .....     NoTele   +   (boots currently unavailable)
Stlth    +.........             (no amulet)
HPRegen  0.21/turn              (no ring)
MPRegen  0.09/turn              (no ring)

@: tree-form
A: stationary, stasis, torment immunity, boosted hp, (horns 2), (retaliatory
headbutt)
a: no special abilities


You were on level 5 of the Dungeon.
You were a tree.
You visited 1 branch of the dungeon, and saw 5 of its levels.

You collected 96 gold pieces.

Inventory:

Hand Weapons
 a - a +0 long sword (weapon)
Armour
 b - a +0 scale mail (melded)
 c - a +0 kite shield (worn)
 e - a +0 chain mail
 h - a +0 cloak (melded)
 k - a scarf of invisibility
Scrolls
 f - 2 scrolls of identify
 g - a scroll of holy word
Potions
 d - 3 potions of might
 i - a potion of curing {unknown}


   Skills:
 + Level 4.7 Fighting
 + Level 4.4 Long Blades
 + Level 5.1 Armour
 + Level 1.1 Dodging
 + Level 0.2 Stealth
 + Level 4.7 Shields


You had 4 spell levels left.
You didn't know any spells.
Your spell library was empty.

Dungeon Overview and Level Annotations

Branches:
Dungeon (5/15)
 Temple: D:4-7

Altars:

Shops:
D:2 (:*(?


Innate Abilities, Weirdness & Mutations

You are a tree.
Your roots penetrate the ground, keeping you stationary.
You cannot be teleported.
You are immune to unholy pain and torment.
Your maximum health is greatly increased.
Your equipment is partially melded.
((You have a pair of horns on your head.))
((You reflexively headbutt those who attack you in melee.))


Message History

Things that are here:
a +0 dagger; an orc corpse You start resting.
A water moccasin zombie is nearby!
Found a dented soapstone amulet.
The water moccasin zombie bites you. The water moccasin zombie bites you.
You hit the water moccasin zombie.
The water moccasin zombie is lightly damaged.
The water moccasin zombie bites you but does no damage.
The water moccasin zombie bites you.
You barely miss the water moccasin zombie.
The water moccasin zombie is lightly damaged.
The water moccasin zombie bites you.
You closely miss the water moccasin zombie.
The water moccasin zombie is lightly damaged.
The water moccasin zombie bites you. x2
* * * LOW HITPOINT WARNING * * *
You hit the water moccasin zombie but do no damage.
The water moccasin zombie is lightly damaged.
The water moccasin zombie bites you.
* * * LOW HITPOINT WARNING * * *
The water moccasin zombie bites you but does no damage.
You hit the water moccasin zombie.
The water moccasin zombie is lightly damaged.
You block the water moccasin zombie's attack.
The water moccasin zombie bites you.
* * * LOW HITPOINT WARNING * * *
You hit the water moccasin zombie. You headbutt the water moccasin zombie!
The water moccasin zombie is heavily damaged.
The water moccasin zombie bites you.
* * * LOW HITPOINT WARNING * * *
The water moccasin zombie bites you but does no damage.
The water moccasin zombie bites you but does no damage.
You see here an amulet of faith.
It was a potion of lignification.
You turn into a tree.
Your +0 cloak melds into your body.
Your +0 scale mail melds into your body.
Your roots penetrate the ground.
The water moccasin zombie bites you.
You die...

#....##.....#
...........##
............#
.......##...#
#...###
#...###.###
...#####..........
...........###.###
###...Z.##
#.##♣..# #......#
#..#...# #..#####
... ###. #


You could see a water moccasin zombie.

Vanquished Creatures
  A centaur (D:4)
  A hound (D:4)
  2 adders (D:2)
  3 worms
  The ghost of Azken the Chiller, a weakling NaIE (D:3)
  3 dart slugs
  6 orcs
  10 ball pythons
  7 endoplasms
  5 giant cockroaches
  3 goblins
  7 hobgoblins
  6 jackals
  8 kobolds
  3 quokkas
  5 bats
  4 frilled lizards
  A quokka skeleton (D:4)
  9 rats
85 creatures vanquished.

Notes
Turn   | Place    | Note
-------+----------+-------------------------------------------
     0 | D:1      | boopmooplesden the Minotaur Fighter began the quest for the
                  | Orb.
     0 | D:1      | Reached XP level 1. HP: 19/19 MP: 0/0
    99 | D:1      | Reached XP level 2. HP: 23/27 MP: 1/1
   312 | D:1      | Reached skill level 4 in Armour
   930 | D:1      | Reached XP level 3. HP: 33/33 MP: 2/2
   983 | D:1      | Found a faded altar of an unknown god.
  1230 | D:2      | Found Uwkumih's General Store.
  1516 | D:2      | Found Qyluqa's Weapon Shop.
  1602 | D:2      | Found Peusyman's Magic Scroll Shoppe.
  1622 | D:2      | Reached XP level 4. HP: 36/41 MP: 3/3
  2109 | D:2      | Found Dacae's Book Boutique.
  2152 | D:2      | Found Finenukk's Weapon Shop.
  2454 | D:3      | Found a runed translucent door.
  2454 | D:3      | Noticed Azken's ghost (weakling NaIE)
  2487 | D:3      | Killed Azken's ghost
  2996 | D:4      | Noticed a centaur
  3007 | D:4      | Killed a centaur
  3008 | D:4      | Reached skill level 5 in Armour
  3008 | D:4      | Reached XP level 5. HP: 27/47 MP: 4/4
  3055 | D:4      | Reached skill level 1 in Dodging
  3221 | D:5      | Entered Level 5 of the Dungeon
  3307 | D:5      | Slain by a water moccasin zombie

Illustrated notes

Levels and vault maps discovered:
D:1:      dpeg_arrival_ratfight, layout_basic,
          shapermc_ecumenical_altar_starsandcircs
D:2:      layout_basic, serial_shops, nicolae_shop_trees, nicolae_diamond_shop,
          nicolae_shop_crystal, nicolae_lakefront_shop, nicolae_shop_waterfront,
          minmay_misc_feat_doors
D:3:      wander_river, layout_basic, hellmonk_ghost_happy_afterlife
D:4:      layout_cave_pools, beargit_hepliaklqana_dungeon_heroes, serial_shops,
          shop
D:5:      layout_loops_ring

Skill      XL: |  1  2  3  4  5 |
---------------+----------------+-----
Shields        | 4 |  4.7
Fighting       | 4 |  4.7
Armour         | 4 5 |  5.1
Long Blades    | 3 4 |  4.4
Dodging        | 1 |  1.1
Stealth        | |  0.2

Action                   |  1- 3 |  4- 6 || total
-------------------------+-------+-------++-------
Melee: Long sword        |   100 |   102 ||   202
       Headbutt          |    15 |    19 ||    34
  Use: Scroll            |     2 |     1 ||     3
       Potion            |       |     2 ||     2
Armor: Scale mail        |    48 |    61 ||   109
Dodge: Dodged            |    31 |    41 ||    72
Block: Kite shield       |    61 |    65 ||   126
       Rpst.: Long sword |     8 |    12 ||    20
